 Dungeon Crawl Stone Soup version 0.20-a0-213-gc646d03 (webtiles) character file.

4620 AlphabetPasta the Ogre Mage (level 10, -5/91 HPs)
             Began as an Ogre Fire Elementalist on Nov 26, 2016.
             Was a Follower of Ashenzari.
             Slain by a sphinx (9 damage)
             ... on level 8 of the Dungeon.
             The game lasted 00:46:58 (11629 turns).

AlphabetPasta the Ogre Mage (OgFE)                 Turns: 11629, Time: 00:46:58

Health: -5/91      AC:  5    Str: 15    XL:     10   Next: 42%
Magic:  14/20      EV: 10    Int: 21    God:    Ashenzari [*.....]
Gold:   406        SH:  0    Dex: 10    Spells: 13/23 levels left

rFire  . . .     SeeInvis .     t - staff of poison
rCold  . . .     Gourm    +     a - +0 robe
rNeg   + . .     Faith    .     (no shield)
rPois  +         Spirit   .     (helmet restricted)
rElec  .         Reflect  .     s - +1 cloak (curse)
rCorr  .         Harm     .     (gloves unavailable)
MR     +....                    (boots unavailable)
Stlth  +.........               y - amulet of the gourmand
                                p - ring of positive energy
                                l - ring "Talis Tukk" {Int+4 Stlth-}

@: no status effects
A: unfitting armour, tough skin 1
a: Curse Item, Scrying, Renounce Religion


You were on level 8 of the Dungeon.
You worshipped Ashenzari.
Ashenzari was aware of your devotion.
You were not hungry.

You visited 1 branch of the dungeon, and saw 8 of its levels.

You collected 406 gold pieces.

Inventory:

Hand Weapons
 u - a +0 morningstar
Missiles
 w - 6 javelins (quivered)
Armour
 a - a +0 robe (worn)
 s - a cursed +1 cloak (worn)
Magical Staves
 t - an uncursed staff of poison (weapon)
Jewellery
 d - a +3 ring of strength
 i - an uncursed amulet of rage
 l - the ring "Talis Tukk" (left hand) {Int+4 Stlth-}
   (You found it on level 5 of the Dungeon)

   [ring of loudness]

   It affects your intelligence (+4).
   It makes you less stealthy.
 p - a ring of positive energy (right hand)
 y - an amulet of the gourmand (around neck)
Wands
 v - a wand of confusion (25/48)
Scrolls
 e - 5 scrolls of teleportation
 f - 2 scrolls of fog
 k - 2 scrolls of enchant weapon
 m - 4 scrolls of magic mapping
 r - 2 scrolls of remove curse
Potions
 g - 3 potions of flight
 h - 3 potions of curing
 o - a potion of resistance
 q - a potion of might
 x - a potion of mutation {unknown}
Books
 b - a book of Flames

   Spells                             Type                      Level
   a - Flame Tongue                   Conjuration/Fire             1
   b - Throw Flame                    Conjuration/Fire             2
   c - Conjure Flame                  Conjuration/Fire             3
   d - Inner Flame                    Hexes/Fire                   3
   e - Sticky Flame                   Conjuration/Fire             4
   f - Fireball                       Conjuration/Fire             5
Comestibles
 c - 2 bread rations
 j - a royal jelly
 n - 4 fruits
 z - 3 chunks of flesh


   Skills:
 - Level 3.1 Fighting
 - Level 1.7 Dodging
 - Level 1.4 Stealth
 + Level 0.6 Unarmed Combat
 + Level 7.2 Spellcasting
 * Level 6.9 Conjurations
 * Level 7.2 Fire Magic
 - Level 3.0 Evocations


You had 13 spell levels left.
You knew the following spells:

 Your Spells              Type           Power        Failure   Level  Hunger
a - Flame Tongue          Conj/Fire      #####        1%          1    None
b - Throw Flame           Conj/Fire      #####.       1%          2    None
c - Conjure Flame         Conj/Fire      #####...     1%          3    None
d - Sticky Flame          Conj/Fire      #####...     6%          4    ###....


Dungeon Overview and Level Annotations

Branches:
Dungeon (8/15)             Temple (0/1) D:5
   Lair: D:8-11

Altars:
Ashenzari
Cheibriados
Dithmenos
Fedhas
Gozag
Kikubaaqudgha
Makhleb
Trog
Vehumet
Xom
Yredelemnul


Innate Abilities, Weirdness & Mutations

You are too large for most types of armour.
You have tough skin. (AC +1)


Message History

The sphinx burns!
The sphinx mumbles some strange words.
You are confused.
The sphinx burns!
The sphinx hits you. The sphinx hits you! x2
The sphinx burns!
The sphinx hits you. The sphinx hits you! The sphinx hits you.
The sphinx burns!
The sphinx hits you! The sphinx completely misses you.
The sphinx hits you but does no damage.
The sphinx burns!
The sphinx hits you. x2; The sphinx hits you!
* * * LOW HITPOINT WARNING * * *
You can move again.
You feel better.
The sphinx burns!
The sphinx hits you!
* * * LOW HITPOINT WARNING * * *
The sphinx hits you!
* * * LOW HITPOINT WARNING * * *
The sphinx hits you but does no damage.
Okay, then.
The sphinx burns!
The sphinx closely misses you. The sphinx hits you but does no damage.
The sphinx hits you!
You die...

...............##
...............##
................#
................#
####..###......##
..##..###......#
...#..<........# #
...#...........########..#
...#...........H@........#
...#..[..................#
...#.................?...+
...'...##......##...##...#
####...##......##...## ###
..##...##...<...#....#
................'....#
................#....#
...............##...##


You could see a sphinx (burning).

Vanquished Creatures
  Psyche (D:8)
  A hornet (D:7)
  Grinder (D:4)
  3 hippogriffs
  2 water moccasins
  3 sky beasts
  2 orc warriors
  6 phantoms
  2 ice beasts
  2 ogres
  A centaur (D:8)
  A big kobold (D:7)
  5 bullfrogs
  8 wights
  3 centaur zombies
  2 howler monkeys (D:5)
  2 jellies
  4 orc priests
  Crazy Yiuf (D:6)
  2 bullfrog skeletons (D:4)
  2 centaur skeletons
  4 hounds
  An iguana (D:6)
  4 orc wizards
  4 worker ants
  A hound skeleton (D:4)
  6 adders
  2 shadow imps (D:5)
  5 worms
  2 dart slugs
  5 leopard geckos
  14 orcs
  5 ball pythons
  17 giant cockroaches
  9 goblins
  5 hobgoblins
  7 jackals
  10 kobolds
  2 quokkas
  5 bats
  7 frilled lizards
  A quokka skeleton (D:6)
  4 rats
  A fungus (D:6)
175 creatures vanquished.

Notes
Turn   | Place    | Note
-------+----------+-------------------------------------------
     0 | D:1      | AlphabetPasta the Ogre Fire Elementalist began the quest for the Orb.
     0 | D:1      | Reached XP level 1. HP: 16/16 MP: 3/3
   139 | D:1      | Reached skill level 1 in Conjurations
   208 | D:1      | Reached XP level 2. HP: 20/24 MP: 1/5
   212 | D:1      | Learned a level 2 spell: Throw Flame
   714 | D:1      | Reached XP level 3. HP: 31/31 MP: 0/7
  1037 | D:1      | Learned a level 3 spell: Conjure Flame
  1543 | D:2      | Found a blossoming altar of Fedhas.
  1851 | D:2      | Reached XP level 4. HP: 39/39 MP: 6/8
  2921 | D:3      | Found a burning altar of Makhleb.
  3764 | D:4      | Reached XP level 5. HP: 45/45 MP: 4/9
  3816 | D:4      | Found a shattered altar of Ashenzari.
  3826 | D:4      | Noticed Grinder
  3833 | D:4      | Learned a level 4 spell: Sticky Flame
  3847 | D:4      | HP: 1/45 [Grinder (5)]
  3848 | D:4      | Paralysed by Grinder for 7 turns
  3850 | D:4      | Killed Grinder
  3850 | D:4      | Reached XP level 6. HP: 1/53 MP: 0/11
  4154 | D:4      | Became a worshipper of Ashenzari the Shackled
  4589 | D:4      | Found a bloodstained altar of Trog.
  4829 | D:4      | Reached XP level 7. HP: 55/59 MP: 5/13
  4887 | D:5      | Entered Level 5 of the Dungeon
  5305 | D:5      | Found an opulent altar of Gozag.
  5321 | D:5      | Identified the ring "Talis Tukk" {Int+4 Stlth-}
  5484 | D:5      | Found a shimmering altar of Xom.
  5672 | D:5      | Found a staircase to the Ecumenical Temple.
  5720 | D:5      | Found a radiant altar of Vehumet.
  5723 | D:5      | Found a snail-covered altar of Cheibriados.
  5726 | D:5      | Found an ancient bone altar of Kikubaaqudgha.
  5740 | D:5      | Found a shadowy altar of Dithmenos.
  5819 | D:5      | Reached XP level 8. HP: 61/67 MP: 6/15
  6082 | D:5      | Reached * piety under Ashenzari
  6279 | D:5      | Reached skill level 5 in Spellcasting
  6603 | D:6      | Found a burning altar of Makhleb.
  6866 | D:6      | Reached skill level 5 in Fire Magic
  6982 | D:6      | Reached skill level 5 in Conjurations
  7112 | D:6      | Reached skill level 1 in Evocations
  7646 | D:6      | Reached XP level 9. HP: 40/74 MP: 1/17
  8025 | D:6      | Learned a level 4 spell: Sticky Flame
  8348 | D:6      | Found a runed door.
  8352 | D:6      | Noticed Crazy Yiuf
  8357 | D:6      | Killed Crazy Yiuf
  8587 | D:7      | Found a basalt altar of Yredelemnul.
  9323 | D:8      | Noticed Psyche
  9938 | D:8      | Reached skill level 1 in Fighting
  9938 | D:8      | Reached XP level 10. HP: 75/84 MP: 13/20
 10074 | D:8      | Killed Psyche
 10824 | D:8      | HP: 2/89 [hippogriff (7)]
 11619 | D:8      | Noticed a sphinx
 11622 | D:8      | Paralysed by a sphinx for 6 turns
 11628 | D:8      | HP: 4/91 [sphinx (7)]
 11629 | D:8      | Slain by a sphinx

Vault maps used:
D:1:      onia_arrival_mini_spirals
D:2:      minmay_roachtagon, lemuel_crystal_altar, minmay_misc_feat_more_columns
D:3:      lemuel_crystal_altar
D:4:      lemuel_round_altar, nicolae_overflow_hidden_temple, uniq_grinder
D:5:      nicolae_gozag_cash_rules_everything_around_me,
          grunt_temple_overflow_cloverleaf, brannock_xom_greatest_gift,
          first_bread
D:6:      grunt_ministairs_10, makhleb_heckhound_becter, uniq_crazy_yiuf_cottage
D:7:      old_standard_altar
D:8:      uniq_psyche

Skill      XL: |  1  2  3  4  5  6  7  8  9 10 |
---------------+-------------------------------+-----
Conjurations   | 1 2 3 4 5 6 |  6.9
Spellcasting   | 3 4 5 6 7 |  7.2
Fire Magic     | 3 4 5 6 7 |  7.2
Evocations     | 1 3 |  3.0
Fighting       | 1 3 |  3.1
Dodging        | |  1.7
Stealth        | |  1.4
Unarmed Combat | |  0.6

Action                   |  1- 3 |  4- 6 |  7- 9 | 10-12 || total
-------------------------+-------+-------+-------+-------++-------
Melee: Unarmed           |    26 |    17 |     1 |       ||    44
       Staff             |       |       |   128 |    16 ||   144
 Cast: Flame Tongue      |    83 |    82 |   277 |    78 ||   520
       Sticky Flame      |       |     2 |     4 |     4 ||    10
       Throw Flame       |       |     5 |     3 |     4 ||    12
Evoke: Wand              |       |       |       |     1 ||     1
  Use: Scroll            |     3 |    10 |     6 |     2 ||    21
       Potion            |       |     2 |     2 |     3 ||     7
 Stab: Sleeping          |     1 |       |       |       ||     1
       Confused          |       |       |       |     1 ||     1
  Eat: Chunk             |     1 |     2 |     5 |     4 ||    12
       Meat ration       |     1 |       |     1 |       ||     2
       Bread ration      |       |     1 |     1 |       ||     2
       Fruit             |       |     1 |     3 |     1 ||     5
Armor: Robe              |    20 |    14 |    62 |    20 ||   116
Dodge: Dodged            |    39 |    28 |   123 |    37 ||   227
